 Dungeon Crawl Stone Soup version 0.29-a0-222-g5b244fca1f (webtiles) character file.

Game seed: 1181014498499355548

18 sn0wgr3 the Skirmisher (level 2, -2/25 HPs)
             Began as a Djinni Chaos Knight on Feb 27, 2022.
             Was a Plaything of Xom.
             Slain by a giant cockroach (3 damage)
             ... on level 1 of the Dungeon.
             The game lasted 00:00:12 (51 turns).

sn0wgr3 the Skirmisher (Djinni Chaos Knight)          Turns: 51, Time: 00:00:13

Health: -2/25      AC:  5    Str: 11    XL:     2   Next: 85%
Gold:   0          EV: 11    Int: 13    God:    Xom [.*....] SH:  0 Dex: 12

rFire   + + .      SeeInvis .   a - +0 hand axe (chaos)
rCold   x . .      Faith    .   (no shield)
rNeg    . . .      Spirit   .   b - +2 leather armour
rPois   ∞          Reflect  .   (no helmet)
rElec   .          Harm     .   (no cloak)
rCorr   .          Rampage  .   (no gloves)
Will    .....                   (boots unavailable)
Stlth   +.........              (no amulet)
HPRegen 0.08/turn               (no ring)
MPRegen 0.00/turn               (no ring)

@: flying
A: sickness immunity, fire resistance 2, cold vulnerability 1, float, innate
caster, HP casting, extra vitality 1
a: Renounce Religion


You were on level 1 of the Dungeon.
You worshipped Xom.
You were a plaything of Xom.
You visited 1 branch of the dungeon, and saw 1 of its levels.

Inventory:

Hand Weapons
 a - a +0 hand axe of chaos (weapon)
Armour
 b - a +2 leather armour (worn)


   Skills:
 * Level 3.3 Fighting
 * Level 2.7 Axes
 * Level 1.6 Armour
 - Level 2.1 Dodging


You had one spell level left.
You didn't know any spells.
Your spell library was empty.

Dungeon Overview and Level Annotations

Branches:
Dungeon (1/15)

Altars:


Innate Abilities, Weirdness & Mutations

You are immune to sickness and miasma.
You are immune to poison.
Your flesh is very heat resistant. (rF++)
You are vulnerable to cold. (rC-)
You float through the air rather than walking.
You learn spells naturally, not from books.
Your magical power is your life essence.
You have superior vitality. (+4 MHP)


Message History

You hit the endoplasm. You freeze the endoplasm.
The endoplasm is moderately wounded.
The endoplasm misses you.
The rat twitches its whiskers.
The endoplasm hits you but does no damage.
You hit the endoplasm.
You kill the endoplasm!
The jackal bites you but does no damage.
You hit the jackal.
The jackal is severely wounded.
The jackal bites you but does no damage.
You miss the jackal.
The jackal is severely wounded.
The jackal bites you but does no damage.
The jackal misses you.
You barely miss the jackal.
The jackal is severely wounded.
You completely miss the jackal.
The jackal is severely wounded.
You hit the giant cockroach but do no damage.
The giant cockroach goes berserk!
Xom decides to shift things around a little.
The jackal blinks! x2; The rat blinks!
The giant cockroach closely misses you. The jackal closely misses you.
The giant cockroach bites you but does no damage.
The jackal misses you.
You hit the giant cockroach.
The giant cockroach flickers and vanishes!
Deactivating autopickup; reactivate with Ctrl-A.
Xom thinks this is hilarious!
You hit the jackal but do no damage.
The jackal seems to speed up.
Something barely misses you. The jackal bites you.
* * * LOW HITPOINT WARNING * * *
Something bites you but does no damage. The jackal closely misses you.
Something bites you but does no damage. The jackal bites you.
* * * LOW HITPOINT WARNING * * *
You closely miss something. You hit the jackal but do no damage.
The jackal misses you. Something bites you.
You die... "I guess I need a new plaything now."

##############
#.............#
#............?#
#....rhhh.....#
#######{#######
#......h@.....#
+⌠....###....⌠+
#......<......#
#..⌠...>...⌠..#
###+#######+###


You could see 4 jackals and a rat.

Vanquished Creatures
  4 endoplasms (D:1)
  6 giant cockroaches (D:1)
  2 jackals (D:1)
  2 rats (D:1)
14 creatures vanquished.

Notes
Turn   | Place    | Note
-------+----------+-------------------------------------------
     0 | D:1      | sn0wgr3 the Djinni Chaos Knight began the quest for the
                  | Orb.
     0 | D:1      | Reached XP level 1. HP: 20/20 MP: 0/0
     1 | D:1      | Found a runed translucent door.
    10 | D:1      | XOM: silly message
    18 | D:1      | XOM: silly message
    25 | D:1      | Reached XP level 2. HP: 18/25 MP: 0/0
    25 | D:1      | XOM: silly message
    49 | D:1      | XOM: blink monster(s)
    50 | D:1      | HP: 1/25 [jackal (1)]
    51 | D:1      | Slain by a giant cockroach

Illustrated notes

Levels and vault maps discovered:
D:1:      dpeg_arrival_caged_fury, layout_basic, serial_shops,
          nicolae_diamond_shop, kennysheep_pointless_box,
          hangedman_abyss_or_decor_stabs

Action                   || total
-------------------------++-------
Melee: Hand axe          ||    47
       Punch             ||     1
Armor: Leather armour    ||    28
Dodge: Dodged            ||    34

Table legend: (Time is in decaauts)
 A = Elapsed time spent in this place.
 B = Non-inter-level travel time spent in this place.
 C = Inter-level travel time spent in this place.
 D = Time resting spent in this place.
 E = Time spent auto-exploring this place.
 F = Levels seen in this place.
 G = Mean time per level.
                   A        B        C        D        E       F      G
               +--------+--------+--------+--------+--------+-----+--------+
         Total |     59 |     59 |      0 |      0 |      0 |   1 |   59.0 |
       Dungeon |     59 |     59 |      0 |      0 |      0 |   1 |   59.0 |
               +--------+--------+--------+--------+--------+-----+--------+

Top non-repeatable levels by time:
     D:1: 59 daAuts
